3R
NORTHWEST TERRITORY BEAVERS @ OGALLALA OCTOPI
05/02/2041
 
TOP OF THE 1ST
Northwest Territory Beavers batting - Pitching for Ogallala Octopi : RHP Otis Knapp
Pitching: RHP Otis Knapp
Batting: LHB Fernan Espinoza 0-0: Foul Ball, location: 2F
0-1: Ball
1-1: Ball
2-1: Ball
3-1: Called Strike
3-2: Foul Ball, location: 2F
3-2: Single, Error in OF, E9, batter to second base (Groundball, 34D, EV 100.0 MPH)
Batting: RHB Alfred Howard Biggs 0-0: Fly out, F8 (Flyball, 78M, EV 81.2 MPH)
Batting: RHB Colton Shepard 0-0: Called Strike
Fernan Espinoza steals 3rd, throwing error, E2
Fernan Espinoza scores
0-1: Ball
1-1: Foul Ball, location: 2F
1-2: Ball
2-2: Ball
3-2: Foul Ball, location: 2F
3-2: Base on Balls
Batting: LHB Mies Lumme 0-0: Ball
1-0: SINGLE (Groundball, 4MD, EV 103.8 MPH)
Colton Shepard to second
Runner from 2nd tries for 3rd, SAFE, throw by CF made to third
Batting: SHB Héctor Solís 0-0: Swinging Strike
0-1: Fly out, F7 (Flyball, 7D, EV 104.4 MPH)
Runner from 3rd tags up, SCORES, no throw by LF
Batting: RHB Bang-xao Li 0-0: Ball
1-0: Called Strike
1-1: Ball
2-1: SINGLE (Flyball, 9LS, EV 91.9 MPH)
Mies Lumme to second
Runner from 2nd tries for 3rd, OUT! 9-5
Top of the 1st over - 2 runs, 3 hits, 2 errors, 1 left on base; Northwest Territory 2 - Ogallala 0
BOTTOM OF THE 1ST
Ogallala Octopi batting - Pitching for Northwest Territory Beavers : RHP Rob Bates
Pitching: RHP Rob Bates
Batting: RHB Rodrigo Sánchez 0-0: Ball
1-0: Ball
2-0: Swinging Strike
2-1: Ball
3-1: Foul Ball, location: 2F
3-2: Strikes out looking
Batting: LHB Benjamin Bays 0-0: Ball
1-0: Ball
2-0: Called Strike
2-1: Called Strike
2-2: Strikes out swinging
Batting: RHB Martin Mullinger 0-0: Foul Ball, location: 2F
0-1: Ball
1-1: Ground out 5-3 (Groundball, 56, EV 97.5 MPH)
Bottom of the 1st over - 0 runs, 0 hits, 0 errors, 0 left on base; Northwest Territory 2 - Ogallala 0
TOP OF THE 2ND
Northwest Territory Beavers batting - Pitching for Ogallala Octopi : RHP Otis Knapp
Batting: RHB Benigno Bachelay 0-0: Called Strike
0-1: SINGLE (Line Drive, 7S, EV 101.9 MPH)
Batting: RHB Jeffrey Turner 0-0: Called Strike
0-1: SINGLE (Groundball, 6MD, EV 98.1 MPH)
Benigno Bachelay to second
Batting: RHB Art Hensley 0-0: Ball
1-0: Swinging Strike
1-1: Called Strike
1-2: Foul Ball, location: 2F
1-2: Ball
2-2: Ball
3-2: Foul Ball, location: 2F
3-2: Fly out, F9 (Flyball, 9LD, EV 81.2 MPH)
Runner from 2nd tags up, SAFE at 3rd, no throw by RF
Batting: LHB Fernan Espinoza 0-0: Ball
1-0: Ball
2-0: Called Strike
2-1: Foul Ball, location: 2F
2-2: Ball
3-2: Foul Ball, location: 2F
3-2: Strikes out swinging
Batting: RHB Alfred Howard Biggs 0-0: SINGLE (Groundball, 56, EV 79.4 MPH) (infield hit)
Benigno Bachelay scores
Jeffrey Turner to second
Batting: RHB Colton Shepard 0-0: Ball
1-0: Ball
2-0: Ball
3-0: Called Strike
3-1: Fly out, F7 (Flyball, 78S, EV 95.0 MPH)
Top of the 2nd over - 1 run, 3 hits, 0 errors, 2 left on base; Northwest Territory 3 - Ogallala 0
BOTTOM OF THE 2ND
Ogallala Octopi batting - Pitching for Northwest Territory Beavers : RHP Rob Bates
Batting: SHB Víctor Pagueros 0-0: Called Strike
0-1: Ball
1-1: Fly out, F9 (Flyball, 9, EV 91.2 MPH)
Batting: RHB Alberto Zúñiga 0-0: Ball
1-0: Called Strike
1-1: Foul Ball, location: 2F
1-2: Strikes out looking
Batting: RHB Sonny Day 0-0: Fly out, F7 (Line Drive, 7D, EV 88.1 MPH)
Bottom of the 2nd over - 0 runs, 0 hits, 0 errors, 0 left on base; Northwest Territory 3 - Ogallala 0
TOP OF THE 3RD
Northwest Territory Beavers batting - Pitching for Ogallala Octopi : RHP Otis Knapp
Batting: LHB Mies Lumme 0-0: Ball
1-0: Foul Ball, location: 2F
1-1: Ball
2-1: Called Strike
2-2: Foul Ball, location: 2F
2-2: DOUBLE (Line Drive, 78M, EV 92.5 MPH)
Batting: SHB Héctor Solís 0-0: Called Strike
0-1: Ball
1-1: Ball
2-1: Foul Ball, location: 2F
2-2: SINGLE (Groundball, 4D, EV 99.4 MPH)
Mies Lumme to third
Batting: RHB Bang-xao Li 0-0: Ball
Héctor Solís steals 2nd base
1-0: Hit by Pitch
Batting: RHB Benigno Bachelay 0-0: Ball
1-0: Grounds into double play, 5-4-3 (Groundball, 56, EV 102.5 MPH)
Mies Lumme scores
Héctor Solís to third
Batting: RHB Jeffrey Turner 0-0: Called Strike
0-1: Fly out, F9 (Flyball, 9, EV 83.8 MPH)
Top of the 3rd over - 1 run, 2 hits, 0 errors, 1 left on base; Northwest Territory 4 - Ogallala 0
BOTTOM OF THE 3RD
Ogallala Octopi batting - Pitching for Northwest Territory Beavers : RHP Rob Bates
Batting: RHB Nando van der Goor 0-0: Called Strike
0-1: Ball
1-1: Ball
2-1: Ground out 5-3 (Groundball, 56, EV 86.2 MPH)
Batting: SHB Lyonya Wanyushin 0-0: Ball
1-0: Ball
2-0: Called Strike
2-1: Fly out, F7 (Flyball, 7LS, EV 84.4 MPH)
Batting: RHB Pedro Sánchez 0-0: Fly out, F8 (Flyball, 8LM, EV 84.4 MPH)
Bottom of the 3rd over - 0 runs, 0 hits, 0 errors, 0 left on base; Northwest Territory 4 - Ogallala 0
TOP OF THE 4TH
Northwest Territory Beavers batting - Pitching for Ogallala Octopi : RHP Otis Knapp
Batting: RHB Art Hensley 0-0: Ball
1-0: DOUBLE (Line Drive, 3D, EV 105.0 MPH)
Batting: LHB Fernan Espinoza 0-0: Swinging Strike
0-1: Foul Ball, location: 2F
0-2: Ball
1-2: Fly out, F9 (Flyball, 9S, EV 81.2 MPH)
Batting: RHB Alfred Howard Biggs 0-0: Called Strike
0-1: Ball
1-1: Swinging Strike
1-2: Strikes out swinging
Batting: RHB Colton Shepard 0-0: Foul Ball, location: 2F
0-1: Ball
1-1: Fly out, F7 (Flyball, 7LSF, EV 86.9 MPH)
Top of the 4th over - 0 runs, 1 hit, 0 errors, 1 left on base; Northwest Territory 4 - Ogallala 0
BOTTOM OF THE 4TH
Ogallala Octopi batting - Pitching for Northwest Territory Beavers : RHP Rob Bates
Batting: RHB Rodrigo Sánchez 0-0: Called Strike
0-1: Fly out, F9 (Flyball, 89S, EV 93.8 MPH)
Batting: LHB Benjamin Bays 0-0: Ball
1-0: Ground out 4-3 (Groundball, 4M, EV 84.4 MPH)
Batting: RHB Martin Mullinger 0-0: Ball
1-0: Called Strike
1-1: Ball
2-1: Foul Ball, location: 2F
2-2: Foul Ball, location: 2F
2-2: Foul Ball, location: 2F
2-2: Fly out, F7 (Flyball, 7, EV 96.2 MPH)
Bottom of the 4th over - 0 runs, 0 hits, 0 errors, 0 left on base; Northwest Territory 4 - Ogallala 0
TOP OF THE 5TH
Northwest Territory Beavers batting - Pitching for Ogallala Octopi : RHP Otis Knapp
Batting: LHB Mies Lumme 0-0: Ball
1-0: Ball
2-0: Ball
3-0: Called Strike
3-1: Called Strike
3-2: Foul Ball, location: 2F
3-2: Base on Balls
Batting: SHB Héctor Solís 0-0: Foul Ball, location: 2F
0-1: Ball
1-1: DOUBLE (Flyball, 78XD, EV 107.5 MPH)
Mies Lumme to third
Runner from 3rd tries for Home, SAFE, no throw by CF
Pitching: RHP Marx Lieftink
Batting: RHB Bang-xao Li 0-0: Called Strike
0-1: Ball
1-1: Ground out 6-3 (Groundball, 6, EV 100.6 MPH)
Batting: RHB Benigno Bachelay 0-0: Called Strike
0-1: Fly out, F8 (Flyball, 89D, EV 97.5 MPH)
Runner from 2nd tags up, SAFE at 3rd, no throw by CF
Batting: RHB Jeffrey Turner 0-0: Ball
1-0: Foul Ball, location: 2F
1-1: Swinging Strike
1-2: Fly out, F8 (Line Drive, 8RD, EV 99.4 MPH)
Top of the 5th over - 1 run, 1 hit, 0 errors, 1 left on base; Northwest Territory 5 - Ogallala 0
BOTTOM OF THE 5TH
Ogallala Octopi batting - Pitching for Northwest Territory Beavers : RHP Rob Bates
Batting: SHB Víctor Pagueros 0-0: Ball
1-0: Called Strike
1-1: Swinging Strike
1-2: Strikes out swinging
Batting: RHB Alberto Zúñiga 0-0: Ball
1-0: Called Strike
1-1: Foul Ball, location: 2F
1-2: Strikes out swinging
Batting: RHB Sonny Day 0-0: Ground out 5-3 (Groundball, 5, EV 84.4 MPH)
Bottom of the 5th over - 0 runs, 0 hits, 0 errors, 0 left on base; Northwest Territory 5 - Ogallala 0
TOP OF THE 6TH
Northwest Territory Beavers batting - Pitching for Ogallala Octopi : RHP Marx Lieftink
Batting: RHB Art Hensley 0-0: Called Strike
0-1: Called Strike
0-2: Strikes out swinging
Batting: LHB Fernan Espinoza 0-0: Ball
1-0: Called Strike
1-1: Swinging Strike
1-2: Ball
2-2: SINGLE (Groundball, 4D, EV 94.4 MPH)
Batting: RHB Alfred Howard Biggs 0-0: Called Strike
Fernan Espinoza steals 2nd base
0-1: Reached on error, E4 (Groundball, 4, EV 104.4 MPH)
Fernan Espinoza scores
Batting: RHB Colton Shepard 0-0: Called Strike
0-1: Ball
1-1: Foul Ball, location: 2F
1-2: Ball
2-2: Ball
3-2: SINGLE (Line Drive, 7LS, EV 97.5 MPH)
Alfred Howard Biggs to third
Runner from 3rd tries for Home, SAFE, throw by LF to home
Batting: LHB Mies Lumme 0-0: Foul Ball, location: 2F
0-1: Foul Ball, location: 2F
0-2: Foul Ball, location: 2F
0-2: Foul Ball, location: 2F
0-2: Strikes out swinging
Batting: SHB Héctor Solís 0-0: Called Strike
0-1: Called Strike
0-2: Ground out 1-3 (Groundball, 34S, EV 63.8 MPH)
Top of the 6th over - 2 runs, 2 hits, 1 error, 1 left on base; Northwest Territory 7 - Ogallala 0
BOTTOM OF THE 6TH
Ogallala Octopi batting - Pitching for Northwest Territory Beavers : RHP Rob Bates
Batting: RHB Nando van der Goor 0-0: Ball
1-0: Ball
2-0: Fly out, F6 (Popup, 6M, EV 74.4 MPH)
Batting: SHB Lyonya Wanyushin 0-0: Ball
1-0: Ball
2-0: Ball
3-0: Base on Balls
Batting: RHB Pedro Sánchez 0-0: Fly out, F8 (Flyball, 8LD, EV 98.1 MPH)
Batting: RHB Rodrigo Sánchez 0-0: Foul Ball, location: 2F
0-1: Foul Ball, location: 2F
0-2: Ball
1-2: Foul Ball, location: 2F
1-2: Hit by Pitch
Lyonya Wanyushin to second
Batting: LHB Benjamin Bays 0-0: Ball
1-0: Fly out, F8 (Line Drive, 8RM, EV 97.5 MPH)
Bottom of the 6th over - 0 runs, 0 hits, 0 errors, 2 left on base; Northwest Territory 7 - Ogallala 0
TOP OF THE 7TH
Northwest Territory Beavers batting - Pitching for Ogallala Octopi : RHP Marx Lieftink
Batting: RHB Bang-xao Li 0-0: Foul Ball, location: 2F
0-1: Ball
1-1: Foul Ball, location: 2F
1-2: SINGLE (Groundball, 6MD, EV 97.5 MPH)
Batting: RHB Benigno Bachelay 0-0: Called Strike
0-1: Ball
1-1: Ball
2-1: Fielders Choice at 2nd, 5-4 (Groundball, 56S, EV 83.1 MPH)
Batting: RHB Jeffrey Turner 0-0: Foul Ball, location: 2F
0-1: Foul Ball, location: 2F
0-2: Ball
1-2: Fielders Choice at 2nd, 4-6 (Groundball, 4, EV 88.1 MPH)
Batting: RHB Art Hensley 0-0: Foul Ball, location: 2F
0-1: Ball
1-1: Foul Ball, location: 2F
1-2: Ball
2-2: Foul Ball, location: 2F
2-2: Foul Ball, location: 2F
2-2: Strikes out swinging
Top of the 7th over - 0 runs, 1 hit, 0 errors, 1 left on base; Northwest Territory 7 - Ogallala 0
BOTTOM OF THE 7TH
Ogallala Octopi batting - Pitching for Northwest Territory Beavers : RHP Rob Bates
Pinch Hitting: RHB Joong Chuang 0-0: Swinging Strike
0-1: Swinging Strike
0-2: Strikes out swinging
Pinch Hitting: LHB Cedomil Karadzic 0-0: Called Strike
0-1: Swinging Strike
0-2: Ball
1-2: Foul Ball, location: 2F
1-2: Ball
2-2: Strikes out swinging
Batting: RHB Alberto Zúñiga 0-0: Called Strike
0-1: Swinging Strike
0-2: Ball
1-2: Ball
2-2: SINGLE (Groundball, 56D, EV 107.5 MPH)
Batting: RHB Sonny Day 0-0: Swinging Strike
0-1: Called Strike
0-2: Strikes out swinging
Bottom of the 7th over - 0 runs, 1 hit, 0 errors, 1 left on base; Northwest Territory 7 - Ogallala 0
TOP OF THE 8TH
Northwest Territory Beavers batting - Pitching for Ogallala Octopi : RHP Marx Lieftink
Now at 2B: Cedomil Karadzic
Now in CF: Joong Chuang
Batting: LHB Fernan Espinoza 0-0: Ball
1-0: Ground out 1-3 (Groundball, P, EV 85.0 MPH)
Batting: RHB Alfred Howard Biggs 0-0: Called Strike
0-1: Ball
1-1: Ball
2-1: Foul Ball, location: 2F
2-2: SINGLE (Line Drive, 9S, EV 92.5 MPH)
Pitching: RHP Víctor Trujillo
Batting: RHB Colton Shepard 0-0: Called Strike
Alfred Howard Biggs steals 2nd base
0-1: Ground out 5-3 (Groundball, 56, EV 96.9 MPH)
Pinch Hitting: LHB Gonzalo Garibay 0-0: Called Strike
0-1: Foul Ball, location: 2F
0-2: Reached on error, E6 (Flyball, 56D, EV 95.0 MPH)
Alfred Howard Biggs to third
Batting: SHB Héctor Solís 0-0: Ball
1-0: Ball
2-0: Ball
3-0: Base on Balls
Gonzalo Garibay to second
Batting: RHB Bang-xao Li 0-0: Swinging Strike
0-1: Ball
1-1: Swinging Strike
1-2: Ball
2-2: Foul Ball, location: 2F
2-2: Ball
3-2: Strikes out looking
Top of the 8th over - 0 runs, 1 hit, 1 error, 3 left on base; Northwest Territory 7 - Ogallala 0
BOTTOM OF THE 8TH
Ogallala Octopi batting - Pitching for Northwest Territory Beavers : RHP Rob Bates
Now at 1B: Enrico Flores
Batting: RHB Nando van der Goor 0-0: Ball
1-0: Called Strike
1-1: Ball
2-1: Called Strike
2-2: Ground out 2-3 (Groundball, 13S, EV 71.2 MPH)
Pitching: LHP José Díaz
Batting: SHB Lyonya Wanyushin 0-0: Ball
1-0: Ground out 1-3 (Groundball, 13S, EV 68.1 MPH)
Batting: RHB Pedro Sánchez 0-0: Called Strike
0-1: Swinging Strike
0-2: Foul Ball, location: 2F
0-2: Strikes out swinging
Bottom of the 8th over - 0 runs, 0 hits, 0 errors, 0 left on base; Northwest Territory 7 - Ogallala 0
TOP OF THE 9TH
Northwest Territory Beavers batting - Pitching for Ogallala Octopi : RHP Víctor Trujillo
Batting: RHB Benigno Bachelay 0-0: Fly out, F4 (Line Drive, 4, EV 68.1 MPH)
Batting: RHB Jeffrey Turner 0-0: Called Strike
0-1: Ball
1-1: Called Strike
1-2: Ball
2-2: SINGLE (Line Drive, 34D, EV 101.9 MPH)
Batting: RHB Art Hensley 0-0: Ball
1-0: Foul Ball, location: 2F
1-1: Ball
2-1: Foul Ball, location: 2F
2-2: Ball
3-2: Foul Ball, location: 2F
3-2: SINGLE (Line Drive, 9LM, EV 101.2 MPH)
Jeffrey Turner to second
Batting: LHB Fernan Espinoza 0-0: Called Strike
0-1: Foul Ball, location: 2F
0-2: Ball
1-2: Ball
2-2: Foul Ball, location: 2F
2-2: Ball
3-2: Fly out, F8 (Flyball, 8LS, EV 79.4 MPH)
Batting: RHB Alfred Howard Biggs 0-0: Swinging Strike
0-1: Foul Ball, location: 2F
0-2: Ball
1-2: Ball
2-2: SINGLE (Line Drive, 7S, EV 95.0 MPH)
Jeffrey Turner to third
Art Hensley to second
Runner from 3rd tries for Home, SAFE, no throw by LF
Batting: RHB Colton Shepard 0-0: Ball
1-0: Called Strike
1-1: Foul Ball, location: 2F
1-2: Ball
2-2: Foul Ball, location: 2F
2-2: Ball
3-2: SINGLE (Line Drive, 78S, EV 107.5 MPH)
Art Hensley to third
Alfred Howard Biggs to second
Art Hensley scores
Alfred Howard Biggs to third
Batting: LHB Enrico Flores 0-0: Ball
1-0: Ball
2-0: Called Strike
2-1: Foul Ball, location: 2F
2-2: Ball
3-2: Foul Ball, location: 2F
3-2: Base on Balls
Colton Shepard to second
Batting: SHB Héctor Solís 0-0: Ball
1-0: Foul Ball, location: 2F
1-1: Called Strike
1-2: Ball
2-2: Ball
3-2: Base on Balls
Alfred Howard Biggs scores
Colton Shepard to third
Enrico Flores to second
Batting: RHB Bang-xao Li 0-0: Ball
1-0: SINGLE (Line Drive, 89M, EV 93.1 MPH)
Colton Shepard scores
Enrico Flores to third
Héctor Solís to second
Runner from 3rd tries for Home, SAFE, no throw by RF
Pitching: LHP Alfredo Morales
Batting: RHB Benigno Bachelay 0-0: Ball
1-0: Foul Ball, location: 2F
1-1: Called Strike
1-2: Strikes out looking
Top of the 9th over - 5 runs, 5 hits, 0 errors, 2 left on base; Northwest Territory 12 - Ogallala 0
BOTTOM OF THE 9TH
Ogallala Octopi batting - Pitching for Northwest Territory Beavers : LHP José Díaz
Batting: RHB Rodrigo Sánchez 0-0: Called Strike
0-1: Swinging Strike
0-2: Strikes out swinging
Batting: LHB Benjamin Bays 0-0: Called Strike
0-1: Foul Ball, location: 2F
0-2: Foul Ball, location: 2F
0-2: Ball
1-2: Foul Ball, location: 2F
1-2: Ball
2-2: SINGLE (Groundball, 56D, EV 96.9 MPH)
Batting: RHB Joong Chuang 0-0: Foul Ball, location: 2F
0-1: Swinging Strike
0-2: Foul Ball, location: 2F
0-2: Ball
1-2: Strikes out swinging
Batting: LHB Cedomil Karadzic 0-0: Called Strike
0-1: Ball
1-1: Reached on error, E4 (Groundball, 34, EV 103.8 MPH)
Benjamin Bays to third
Pinch Hitting: RHB Hou Thian 0-0: Ball
1-0: Called Strike
1-1: Swinging Strike
1-2: Strikes out swinging
Bottom of the 9th over - 0 runs, 1 hit, 1 error, 2 left on base; Northwest Territory 12 - Ogallala 0
Tuesday, January 5th, 2021 - OOTP Baseball 20.8 Build 74